 Dungeon Crawl Stone Soup version 0.29-a0-577-gafbf2c5d25 (webtiles) character file.

Game seed: 12785542190984861307

1 DocClef the Sneak (level 1, -2/19 HPs)
             Began as a Draconian Delver on June 13, 2022.
             Slain by an ogre
             ... wielding a +0 giant spiked club
              (16 damage)
             ... on level 5 of the Dungeon.
             The game lasted 00:00:04 (43 turns).

DocClef the Sneak (Draconian Delver)                  Turns: 43, Time: 00:00:06

Health: -2/19      AC:  4    Str: 14    XL:     1   Next: 16%
Magic:  1/1        EV: 12    Int: 10    God:
Gold:   0          SH:  0    Dex: 12    Spells: 0/0 levels left

rFire   . . .      SeeInvis .   a - +0 short sword
rCold   . . .      Faith    .   (no shield)
rNeg    . . .      Spirit   .   (body armour unavailable)
rPois   .          Reflect  .   (helmet restricted)
rElec   .          Harm     .   (no cloak)
rCorr   .          Rampage  .   (no gloves)
Will    .....                   (no boots)
Stlth   +++.......              (no amulet)
HPRegen 0.06/turn               (no ring)
MPRegen 0.07/turn               (no ring)

@: no status effects
A: AC +4, unfitting armour, cold-blooded
a: no special abilities


You were on level 5 of the Dungeon.
You visited 1 branch of the dungeon, and saw 1 of its levels.

Inventory:

Hand Weapons
 a - a +0 short sword (weapon)
Wands
 f - a wand of digging (3)
 h - a wand of iceblast (8)
Scrolls
 b - a scroll of fog
 c - a scroll of magic mapping
 d - a scroll of fear
 g - a scroll of enchant armour {unknown}
Potions
 e - a potion of haste


   Skills:
 + Level 3.3 Fighting
 + Level 2.0 Short Blades
 + Level 1.8 Dodging
 + Level 4.5 Stealth


You couldn't memorise any spells.
You didn't know any spells.
Your spell library was empty.

Dungeon Overview and Level Annotations

Branches:
Dungeon (5/15)
 Temple: D:4-7

Altars:


Innate Abilities, Weirdness & Mutations

Your plain brown scales are hard. (AC +4)
You cannot fit into any form of body armour.
You are cold-blooded and may be slowed by cold attacks.


Message History

The heart of this dungeon contains the incredible artefact, the Orb of Zot.
Press ? for a list of commands and other information.
Found a stone staircase leading down.
No target in view!
Found a spear.
g - a scroll labelled HAOF TAUGAASYNN
h - a wand of iceblast (8)
A quokka comes into view.
An ogre comes into view. It is wielding a +0 giant spiked club.
An adder comes into view.
Found a spear.
The ogre shouts!
The adder hisses angrily.
The quokka bites you but does no damage.
You hit the quokka.
The quokka is lightly wounded.
The quokka closely misses you.
You hit the quokka. You punch the quokka.
The quokka is almost dead.
The quokka barely misses you. The ogre barely misses you.
You closely miss the quokka.
Your tail-slap misses the quokka.
The quokka is severely wounded.
The quokka barely misses you.
You miss the quokka.
The quokka is severely wounded.
The quokka closely misses you. The adder barely misses you.
The ogre barely misses you. The quokka bites you. The adder barely misses you.
You hit the quokka but do no damage.
The quokka is severely wounded.
The adder bites you but does no damage. The quokka closely misses you.
The ogre barely misses you.
You hit the quokka.
You kill the quokka!
The adder bites you but does no damage.
You hit the ogre.
You tail-slap the ogre, but do no damage.
The ogre is lightly wounded.
The adder bites you.
The ogre hits you with a +0 giant spiked club!
Ouch! That really hurt!
You die...

#......).. # #.........
# #......... #
#.......... ##.###
######............+.....
#.................#....#
#.....†.S.........#....#
#......@O# ##.#.....#
#........# #..#.....#
#........######..#....##
#................#..#.##
#........##.###..#..#...
########.##..)..........
#.##.........#.##
#..............#
#.##.........#.#


You could see an ogre and an adder.

Vanquished Creatures
  A quokka (D:5)
1 creature vanquished.

Notes
Turn   | Place    | Note
-------+----------+-------------------------------------------
     0 | D:5      | DocClef the Draconian Delver began the quest for the Orb.
     0 | D:5      | Reached XP level 1. HP: 19/19 MP: 1/1
    35 | D:5      | Noticed an ogre
    43 | D:5      | Slain by an ogre

Illustrated notes

Levels and vault maps discovered:
D:5:      layout_basic, minmay_temple_entry_mist

Action                   || total
-------------------------++-------
Melee: Short sword       ||     7
       Tailslap          ||     1
       Punch             ||     1
Armor: Skin              ||     3
Dodge: Dodged            ||    10

Table legend: (Time is in decaauts)
 A = Elapsed time spent in this place.
 B = Non-inter-level travel time spent in this place.
 C = Inter-level travel time spent in this place.
 D = Time resting spent in this place.
 E = Time spent auto-exploring this place.
 F = Levels seen in this place.
 G = Mean time per level.
                   A        B        C        D        E       F      G
               +--------+--------+--------+--------+--------+-----+--------+
         Total |     43 |     43 |      0 |      0 |     27 |   1 |   43.0 |
       Dungeon |     43 |     43 |      0 |      0 |     27 |   1 |   43.0 |
               +--------+--------+--------+--------+--------+-----+--------+

Top non-repeatable levels by time:
     D:5: 43 daAuts
